Map: Cyber Forest LE

Players

Smileblind - Winner!

  • Race: Protoss Protoss
  • Spawn Location: 5:00

VOD

Have the link to the VOD?

Description

Time

  • Played on: Jan. 25, 2019, 6:07 p.m.
  • Length: 24:09
Show
View Real Time Build Order
Export as new Build Order

Smileblind Protoss - Winner!

Build Orders:  

Get SALT Encoding   

  12  0:06  Probe (Chrono Boost)  
  13  0:23  Probe (Chrono Boost)  
  14  0:34  Pylon  
  15  0:40  Probe (Chrono Boost)  
  16  1:01  Probe (Chrono Boost)  
  16  1:03  Gateway  
  16  1:18  Probe (Chrono Boost)  
  17  1:27  Assimilator  
  17  1:34  Pylon  
  17  1:35  Probe (Chrono Boost)  
  18  1:51  Probe (Chrono Boost)  
  18  1:54  Assimilator  
  19  2:02  Probe (Chrono Boost)  
  20  2:13  Zealot  
  20  2:16  Gateway  
  20  2:21  Cybernetics Core  
  23  2:31  Probe (Chrono Boost)  
  23  2:48  Probe (Chrono Boost)  
  24  3:05  Probe (Chrono Boost)  
  25  3:12  Stalker  
  25  3:13  Pylon  
  27  3:40  Stalker  
  29  3:52  Probe (Chrono Boost)  
  29  3:54  Stalker  
  32  4:08  Shield Battery  
  32  4:09  Probe (Chrono Boost)  
  33  4:22  Stalker  
  33  4:26  Probe (Chrono Boost)  
  36  4:38  Warp Gate  
  36  4:43  Probe (Chrono Boost)  
  36  4:46  Stalker  
  39  4:55  Nexus  
  39  5:02  Shield Battery  
  39  5:12  Stargate  
  39  5:20  Assimilator  
  39  5:30  Pylon  
  39  5:31  Pylon  
  39  5:58  Probe (Chrono Boost)  
  40  6:01  Assimilator  
  40  6:11  Robotics Facility  
  40  6:15  Probe (Chrono Boost)  
  42  6:30  Void Ray  
  42  6:32  Probe (Chrono Boost)  
  46  6:43  Probe (Chrono Boost)  
  46  6:49  Pylon, Probe (Chrono Boost)  
  48  6:54  Probe (Chrono Boost)  
  49  7:06  Probe (Chrono Boost)  
  50  7:22  Twilight Council  
  50  7:23  Probe (Chrono Boost)  
  50  7:24  Probe (Chrono Boost)  
  50  7:26  Immortal  
  53  7:40  Probe (Chrono Boost)  
  53  7:49  Probe (Chrono Boost)  
  58  7:57  Probe (Chrono Boost)  
  59  8:01  Void Ray  
  59  8:06  Probe (Chrono Boost)  
  64  8:13  Probe (Chrono Boost)  
  65  8:25  Probe (Chrono Boost)  
  65  8:27  Immortal  
  67  8:30  Probe (Chrono Boost), Pylon  
  67  8:42  Probe (Chrono Boost)  
  67  8:47  Probe (Chrono Boost)  
  73  9:04  Gateway  
  73  9:06  Gateway  
  73  9:16  Forge  
  73  9:26  Void Ray  
  77  9:40  Immortal  
  77  9:41  Charge  
  77  10:10  Shield Battery  
  77  10:18  Photon Cannon  
  77  10:28  Stalker  
  77  10:29  Stalker x2  
  83  10:46  Pylon  
  83  10:56  Pylon  
  83  11:02  Pylon  
  83  11:11  Immortal, Void Ray  
  83  11:17  Nexus  
  83  11:18  Probe (Chrono Boost)  
  83  11:19  Probe (Chrono Boost)  
  93  11:35  Shield Battery, Probe (Chrono Boost)  
  93  11:36  Probe (Chrono Boost)  
  93  11:38  Shield Battery  
  95  11:43  Gateway  
  95  11:56  Gateway  
  95  11:58  Probe (Chrono Boost)  
  95  11:59  Probe (Chrono Boost)  
  97  12:11  Gateway  
  97  12:15  Probe (Chrono Boost)  
  97  12:16  Probe (Chrono Boost)  
  97  12:18  Gateway  
  99  12:24  Immortal  
  99  12:27  Pylon  
  99  12:37  Shield Battery  
  103  12:51  Protoss Ground Weapons Level 1  
  103  12:56  Protoss Air Weapons Level 1  
  103  12:59  Probe (Chrono Boost)  
  103  13:03  Probe (Chrono Boost)  
  103  13:04  Probe (Chrono Boost)  
  106  13:10  Stalker, Probe (Chrono Boost)  
  111  13:20  Probe (Chrono Boost)  
  111  13:21  Probe (Chrono Boost)  
  111  13:33  Stalker  
  111  13:34  Stalker  
  111  13:37  Probe (Chrono Boost), Zealot  
  111  13:39  Zealot  
  120  13:42  Zealot  
  123  13:50  Probe (Chrono Boost)  
  123  13:53  Assimilator  
  123  14:01  Assimilator  
  123  14:07  Probe (Chrono Boost)  
  123  14:09  Unknown  
  124  14:11  Pylon  
  124  14:13  Pylon  
  124  14:15  Zealot x2  
  124  14:16  Pylon  
  128  14:21  Blink  
  128  14:47  Robotics Facility  
  128  14:54  Zealot  
  128  14:55  Zealot  
  128  14:56  Zealot  
  138  15:11  Void Ray  
  143  15:20  Probe (Chrono Boost)  
  143  15:29  Robotics Facility  
  143  15:34  Stalker x3  
  143  15:35  Stalker  
  143  15:37  Probe (Chrono Boost)  
  152  15:42  Observer  
  137  16:12  Immortal  
  137  16:17  Observer  
  142  16:21  Void Ray  
  146  16:42  Probe (Chrono Boost)  
  146  16:45  Pylon  
  146  16:48  Pylon  
  147  16:50  Immortal  
  147  16:54  Pylon, Probe (Chrono Boost)  
  147  16:59  Shield Battery  
  152  17:07  Immortal, Probe (Chrono Boost)  
  157  17:11  Nexus  
  157  17:17  Gateway  
  157  17:19  Gateway  
  157  17:21  Void Ray  
  157  17:26  Shield Battery  
  161  17:31  Shield Battery  
  161  17:35  Shield Battery  
  161  17:45  Immortal, Protoss Ground Weapons Level 2  
  165  17:59  Fleet Beacon  
  165  18:02  Immortal  
  165  18:06  Immortal  
  173  18:21  Void Ray  
  177  18:40  Immortal  
  181  18:53  Carrier  
  181  18:54  Pylon x2  
  181  18:59  Probe (Chrono Boost)  
  181  19:00  Pylon x2  
  181  19:01  Immortal  
  181  19:03  Pylon  
  181  19:06  Pylon  
  186  19:10  Probe (Chrono Boost)  
  186  19:12  Stargate  
  186  19:14  Protoss Air Weapons Level 2  
  187  19:24  Probe (Chrono Boost)  
  195  19:41  Probe (Chrono Boost)  
  195  19:57  Probe (Chrono Boost)  
  196  20:23  Carrier  
  196  20:38  Unknown  
  182  21:53  Carrier  
Tags
 
Add a new tag
Caveats
  • Supply blocks, unpowered buildings, or Contaminate may cause inaccurate times.
  • Supply counts are checked every 10 seconds.